 Dungeon Crawl Stone Soup version 0.27.1-33-g824d729ab1 (webtiles) character file.

Game seed: 5853000597582456166

4 Fortus the Skirmisher (level 1, 0/19 HPs)
             Began as a Palentonga Abyssal Knight on Dec 12, 2021.
             Was a Follower of Lugonu.
             Frozen to death by an endoplasm (4 damage)
             ... on level 1 of the Dungeon.
             The game lasted 00:01:24 (142 turns).

Fortus the Skirmisher (Palentonga Abyssal Knight)    Turns: 142, Time: 00:01:26

Health: 0/19       AC:  4    Str: 15    XL:     1   Next: 50%
Magic:  2/2        EV:  9    Int: 12    God:    Lugonu [*.....]
Gold:   38         SH:  0    Dex:  9    Spells: 0/0 levels left

rFire    . . .     SeeInvis +   a - +1 hand axe
rCold    . . .     Faith    .   (no shield)
rNeg     . . .     Spirit   .   b - +0 leather armour
rPois    .         Reflect  .   (no helmet)
rElec    .         Harm     .   (no cloak)
rCorr    .         Rampage  .   (no gloves)
Will     .....                  (no barding)
Stlth    +.........             (no amulet)
HPRegen  0.06/turn              d - ring of flight
MPRegen  0.08/turn              (no ring)

@: flying
A: large, rugged brown scales 3, see invisible, deformed body, roll 1, armoured
tail
a: Rolling Charge, Renounce Religion, Depart the Abyss


You were on level 1 of the Dungeon.
You worshipped Lugonu.
Lugonu was aware of your devotion.
You visited 1 branch of the dungeon, and saw 1 of its levels.
You visited the Abyss 1 time.

You collected 38 gold pieces.

Inventory:

Hand Weapons
 a - a +1 hand axe (weapon)
Armour
 b - a +0 leather armour (worn)
Jewellery
 d - a ring of flight (left hand)
Scrolls
 c - 3 scrolls of identify {unknown}
 e - a scroll of teleportation {unknown}


   Skills:
 + Level 3.2 Fighting
 + Level 2.0 Axes
 + Level 1.5 Armour
 + Level 0.7 Dodging
 + Level 2.0 Invocations


You couldn't memorise any spells.
You didn't know any spells.
Your spell library was empty.

Dungeon Overview and Level Annotations

Branches:
Dungeon (1/15)

Altars:


Innate Abilities, Weirdness & Mutations

You are completely covered in rugged brown scales. (AC +3, +7% HP)
You have supernaturally acute eyesight. (SInv)
Armour fits poorly on your strangely shaped body.
You can roll at nearby foes to attack.
You have a long armoured tail.


Message History

The frilled lizard hisses angrily.
A frilled lizard and an endoplasm come into view.
The frilled lizard hisses angrily.
The kobold hits you with a +0 club.
The endoplasm moves out of view.
You hit the kobold.
You kill the kobold!
Lugonu accepts your kill.
You hit the frilled lizard.
You kill the frilled lizard!
Lugonu accepts your kill.
The endoplasm quivers.
You see here a +0 club.
Roll where?
Press: ? - help, Q - select action Dir - move target, f - frilled lizard
Aim: a frilled lizard You roll forward with a clatter of scales!
A rat comes into view.
You miss the frilled lizard. The frilled lizard bites you.
You hit the frilled lizard.
You kill the frilled lizard!
Lugonu accepts your kill.
You can now depart the Abyss.
You barely miss the endoplasm. The endoplasm hits you.
The endoplasm freezes you.
You are frozen.
You are too injured to fight recklessly!
You are too injured to fight recklessly!
You barely miss the endoplasm. You tail-slap the endoplasm.
The endoplasm is lightly wounded.
The endoplasm freezes you.
You are frozen.
* * * LOW HITPOINT WARNING * * *
You hit the endoplasm but do no damage.
The endoplasm is lightly wounded.
You hit the rat.
You kill the rat!
Lugonu accepts your kill. The endoplasm freezes you.
You are frozen.
You die...

#...## ##.....
.....# ##....#
#.....#
####.....#
.......J.#
####.#.@.#
.........######
####.#.)†......
#.......####.##
#.##.##.#
#.##.##.##
.........#
#######†.#
#######..#


You could see an endoplasm.

Vanquished Creatures
  A quokka (D:1)
  3 frilled lizards (D:1)
  A kobold (D:1)
  A rat (D:1)
6 creatures vanquished.

Notes
Turn   | Place    | Note
-------+----------+-------------------------------------------
     0 | Abyss:1  | Fortus the Palentonga Abyssal Knight began the quest for
                  | the Orb.
     0 | Abyss:1  | Reached XP level 1. HP: 19/19 MP: 2/2
    37 | Abyss:1  | Noticed a small abomination
    69 | Abyss:1  | Noticed a neqoxec
    70 | Abyss:1  | Noticed an orange demon
    71 | D:1      | Escaped the Abyss
   139 | D:1      | Reached * piety under Lugonu
   142 | D:1      | Frozen to death by an endoplasm

Illustrated notes

Levels and vault maps discovered:
D:1:      tarquinn_simple_flora_water_b, layout_loops_ring

Action                   || total
-------------------------++-------
Melee: Hand axe          ||    11
       Tailslap          ||     2
Invok: Depart the Abyss  ||     1
 Abil: Rolling Charge    ||     2
Armor: Leather armour    ||     3
Dodge: Dodged            ||     1
